 Dungeon Crawl Stone Soup version 0.31-a0-636-ge1c0e020e0 (webtiles) character file.

Game seed: 15750233654388609852

5931 Mickster the Severer (level 10, -2/88 HPs)
             Began as a Hill Orc Berserker on Aug 27, 2023.
             Was a Priest of Trog.
             Succumbed to an orc's poison
             ... on level 9 of the Dungeon.
             The game lasted 01:02:37 (8159 turns).

Mickster the Severer (Hill Orc Berserker)           Turns: 8159, Time: 01:02:38

Health: -2/88      AC: 21    Str: 29    XL:     10   Next: 83%
Magic:  10/10      EV:  9    Int:  7    God:    Trog [***...]
Gold:   341        SH:  0    Dex: 17    Spells: 9/9 levels left

rFire   . . .        k - +10 dire flail "Vipparr" {spect, *Rage Will+ Dex+5}
rCold   . . .        (shield currently unavailable)
rNeg    . . .        j - +1 plate armour
rPois   .            t - +1 helmet
rElec   .            o - +0 cloak
rCorr   .            s - +0 pair of gloves
SInv    .            z - +0 pair of boots
Will    +....        A - amulet of the acrobat
Stlth   x              - +6 ring of strength
HPRegen 0.34/turn    (no ring)
MPRegen 0.12/turn

%: random rage (20%), acrobat
@: lethally poisoned (-2 -> -11), on berserk cooldown, slowed, very slow
A: hooves 1
a: Renounce Religion, Berserk, Trog's Hand


You were on level 9 of the Dungeon.
You worshipped Trog.
Trog was most pleased with you.
You visited 1 branch of the dungeon, and saw 9 of its levels.

You collected 565 gold pieces.
You spent 224 gold pieces at shops.

Inventory:

Hand Weapons
 a - a +4 hand axe
 b - a +3 quarterstaff of chaos
 e - a +2 battleaxe
 k - the +10 dire flail "Vipparr" (weapon) {spect, *Rage Will+ Dex+5}
   (You found it on level 9 of the Dungeon)

   Dex+5:     It affects your dexterity (+5).
   Will+:     It increases your willpower.
   *Rage:     It berserks you when you make melee attacks (+20% chance).
 r - a +4 hand axe
 w - a +2 vampiric dagger
 B - the +0 trident "Qeofug" {heavy, rF++ Int+3}
   (You found it on level 5 of the Dungeon)

   Int+3:     It affects your intelligence (+3).
   rF++:      It greatly protects you from fire.
 C - a +0 lajatang
 G - a +0 dire flail of draining
 I - a +1 flail of venom
 J - a +1 flail of protection
 L - a +3 spear
 M - a +5 short sword
 N - a +4 falchion
Missiles
 c - 4 javelins
 f - 58 stones
 g - 9 poisoned darts (quivered)
 E - 2 throwing nets
 K - 2 boomerangs
Armour
 j - a +1 plate armour (worn)
 o - a +0 cloak (worn)
 s - a +0 pair of gloves (worn)
 t - a +1 helmet (worn)
 z - a +0 pair of boots (worn)
Jewellery
 x - a +6 ring of strength (left hand)
 A - an amulet of the acrobat (around neck)
Talismans
 q - a blade talisman
Wands
 l - a wand of flame (15)
 n - a wand of light (12)
 v - a wand of roots (6)
 y - a wand of mindburst (8)
 H - a wand of polymorph (12)
Scrolls
 i - a scroll of identify
 m - 5 scrolls of teleportation
 u - a scroll of fog
 F - 3 scrolls of fear
Potions
 d - 2 potions of haste
 h - 3 potions of cancellation
 p - a potion of heal wounds
 D - a potion of berserk rage
 O - 2 potions of might


   Skills:
 + Level 8.2 Fighting
 - Level 15.8(15.9) Axes
 * Level 1.7(8.9) Maces & Flails
 + Level 1.0 Throwing
 + Level 8.4 Armour
 + Level 2.5 Dodging
 + Level 1.3 Stealth


You had 9 spell levels left.
You didn't know any spells.
Your spell library was empty.

Dungeon Overview and Level Annotations

Branches:
Dungeon (9/15)             Temple (0/1) D:7
   Lair: D:8-11         Orc: D:9-12

Altars:
Cheibriados
Fedhas
Hepliaklqana
Makhleb
Qazlal
Ru
Wu Jian

Shops:
D:1 [


Innate Abilities, Weirdness & Mutations

You have large cloven feet.


Message History

The gnoll barely misses you.
The orc hits your +10 dire flail "Vipparr" {spect, *Rage Will+ Dex+5} with a +0 flail.
Your spectral weapon shares its damage with you!
The gnoll hits you but does no damage. The orc hits you but does no damage.
You are more poisoned.
The gnoll hits you but does no damage.
The orc warrior hits you with a +0 glaive!
You sock the orc warrior!
The orc warrior is heavily wounded.
Your +10 dire flail "Vipparr" {spect, *Rage Will+ Dex+5} hits the orc warrior!!
You kill the orc warrior!
Trog accepts your kill.
You feel very sick. The gnoll hits you but does no damage.
Something hits you but does no damage. The gnoll hits you but does no damage.
The orc hits you but does no damage. The gnoll misses you.
You bludgeon the orc!!
You kill the orc!
Trog accepts your kill.
Your +10 dire flail "Vipparr" {spect, *Rage Will+ Dex+5} disappears.
Your skin stops crawling.
You feel less strong-willed.
You feel very sick. The gnoll hits you but does no damage.
The orc hits you from afar with a +2 trident of venom.
* * * LOW HITPOINT WARNING * * *
The gnoll closely misses you. The gnoll hits you with a +0 club!
* * * LOW HITPOINT WARNING * * *
The centaur wields a +0 orcbow.
The centaur shoots an arrow.
The arrow hits you.
* * * LOW HITPOINT WARNING * * *
The gnoll barely misses you. The gnoll closely misses you.
The orc hits you but does no damage. The gnoll hits you but does no damage.
Something hits you.
* * * LOW HITPOINT WARNING * * *
Something hits you but does no damage.
Unknown command.
Unknown command.
You closely miss something.
Your +10 dire flail "Vipparr" {spect, *Rage Will+ Dex+5} hits something!
You die...

.... ....# .....#
......##### ##
..........#########.####
.....oc................#
.......(g..)>...........
.....o)@)).)............
......gg.).)............
...................###..
............###....#
...).......## ##...#
.######?..## ##..# #...#
#..# ##..# ##.## #..#
#..# .


You could see a centaur, 3 gnolls, 2 orcs and a friendly +10 dire flail
"Vipparr" {spect, *Rage Will+ Dex+5}.

Vanquished Creatures
  A two-headed ogre (D:8)
  The ghost of osoart the Covert, a novice FeSh of Dithmenos (D:9)
  A troll (D:9)
  Grinder (D:3)
  A shadow (D:5)
  A wyvern (D:9)
  2 steam dragons (D:7)
  Eustachio (D:4)
  Menkaure (D:5)
  A water moccasin (D:7)
  4 sky beasts (D:7)
  An ogre (D:5)
  4 orc warriors
  3 black bears
  2 centaurs
  3 phantoms
  2 kobold brigands
  2 bullfrogs
  4 scorpions
  2 gnoll sergeants
  9 wights
  3 killer bees (D:8)
  A howler monkey (D:9)
  3 hounds
  An orc priest (D:9)
  4 jellies
  A sleepcap (D:7)
  Crazy Yiuf (D:4)
  Natasha (twice) (D:4)
  4 iguanas
  7 orc wizards
  6 gnolls
  9 adders
  2 shadow imps
  An ufetubus (D:4)
  5 worms
  3 dart slugs
  28 orcs
  5 ball pythons
  10 bats
  8 endoplasms
  4 giant cockroaches
  16 goblins
  8 hobgoblins
  2 quokkas
  4 frilled lizards
  14 kobolds
  5 rats
204 creatures vanquished.

Vanquished Creatures (others)
  A frilled lizard (D:1)
1 creature vanquished.

Grand Total: 205 creatures vanquished

Notes
Turn   | Place    | Note
-------+----------+-------------------------------------------
     0 | D:1      | Mickster the Hill Orc Berserker began the quest for the
                  | Orb.
     0 | D:1      | Reached XP level 1. HP: 19/19 MP: 1/1
    77 | D:1      | Reached XP level 2. HP: 24/27 MP: 2/2
   191 | D:1      | Found Kaughath's Antique Armour Emporium.
   323 | D:1      | Reached ** piety under Trog
   330 | D:1      | Reached XP level 3. HP: 32/33 MP: 3/3
   992 | D:2      | Reached skill level 5 in Axes
  1396 | D:2      | Reached XP level 4. HP: 41/41 MP: 4/4
  1399 | D:2      | Found a blossoming altar of Fedhas.
  1407 | D:2      | Gained mutation: You have large cloven feet. [potion of
                  | mutation]
  1502 | D:2      | Found a faded altar of an unknown god.
  2213 | D:3      | Noticed Grinder
  2213 | D:3      | Paralysed by Grinder for 2 turns
  2225 | D:3      | Killed Grinder
  2226 | D:3      | Reached skill level 7 in Axes
  2226 | D:3      | Reached XP level 5. HP: 47/47 MP: 5/5
  2226 | D:3      | Reached XP level 6. HP: 55/55 MP: 6/6
  2549 | D:3      | Found a stormy altar of Qazlal.
  2603 | D:3      | Reached skill level 5 in Fighting
  3394 | D:4      | Reached XP level 7. HP: 61/61 MP: 7/7
  3478 | D:4      | Reached skill level 8 in Axes
  3511 | D:4      | Noticed Eustachio
  3516 | D:4      | Noticed Natasha
  3524 | D:4      | Killed Natasha
  3529 | D:4      | Killed Eustachio
  3709 | D:4      | Noticed Natasha
  3715 | D:4      | Killed Natasha
  3831 | D:4      | Found a runed translucent door.
  3832 | D:4      | Noticed Crazy Yiuf
  3839 | D:4      | Killed Crazy Yiuf
  3986 | D:1      | Bought a pair of gloves for 112 gold pieces
  3986 | D:1      | Bought a helmet for 112 gold pieces
  4157 | D:5      | Entered Level 5 of the Dungeon
  4163 | D:5      | Found a sacrificial altar of Ru.
  4181 | D:5      | Reached skill level 1 in Throwing
  4191 | D:5      | Noticed Menkaure
  4196 | D:5      | Killed Menkaure
  4197 | D:5      | Reached skill level 9 in Axes
  4197 | D:5      | Reached skill level 5 in Armour
  4197 | D:5      | Reached XP level 8. HP: 69/69 MP: 8/8
  4381 | D:5      | Found a burning altar of Makhleb.
  4608 | D:5      | Identified the +0 trident "Qeofug" {heavy, rF++ Int+3}
  5044 | D:5      | Noticed a shadow
  5052 | D:5      | Killed a shadow
  5053 | D:5      | Reached skill level 10 in Axes
  5362 | D:6      | Reached skill level 11 in Axes
  5409 | D:6      | Found a hazy altar of Hepliaklqana.
  5435 | D:6      | Reached XP level 9. HP: 75/75 MP: 9/9
  5438 | D:6      | Reached skill level 1 in Stealth
  5484 | D:6      | Found a snail-covered altar of Cheibriados.
  5491 | D:6      | Reached *** piety under Trog
  5541 | D:6      | Reached skill level 12 in Axes
  5955 | D:6      | Found an ornate altar of the Wu Jian Council.
  6067 | D:7      | Reached skill level 13 in Axes
  6250 | D:7      | Found a staircase to the Ecumenical Temple.
  6417 | D:7      | Reached skill level 14 in Axes
  6444 | D:7      | Reached XP level 10. HP: 32/86 MP: 10/10
  6700 | D:8      | Noticed a two-headed ogre
  6708 | D:8      | Killed a two-headed ogre
  6709 | D:8      | Reached skill level 15 in Axes
  6953 | D:8      | Found a flagged portal.
  8053 | D:9      | Found a runed translucent door.
  8056 | D:9      | Noticed osoart's ghost (novice FeSh)
  8063 | D:9      | Killed osoart's ghost
  8069 | D:9      | Identified the +10 dire flail "Vipparr" {spect, *Rage Will+
                  | Dex+5}
  8151 | D:9      | Reached skill level 1 in Maces & Flails
  8158 | D:9      | HP: 4/88 [centaur/arrow (6)]
  8158 | D:9      | HP: 1/88 [something (3)]
  8159 | D:9      | Succumbed to an orc's poison

Illustrated notes

Levels and vault maps discovered:
D:1:      scummos_arrival_checkerplants, layout_loops_ring, serial_shops, shop,
          kennysheep_flooded_box, grunt_decor_resistance
D:2:      layout_basic, hellmonk_ecumenical_altar_blasted, serial_glass,
          glass_columns_a, glass_columns_a, basic_altar
D:3:      minmay_general_purpose_star, layout_loops_corners,
          amcnicky_altar_gilded, grunt_ministairs_4, uniq_grinder
D:4:      layout_rooms, minmay_misc_feat_five, uniq_natasha,
          uniq_crazy_yiuf_cottage, uniq_eustachio
D:5:      layout_gridville, mainiacjoe_overflow_catwalk, kennysheep_mini,
          kennysheep_generic_room_6, uniq_menkaure
D:6:      layout_rooms, mainiacjoe_overflow_chevrons, slow_altar_2,
          lemuel_round_altar
D:7:      layout_rooms, minmay_temple_entry_poolview, hangedman_misty_isle
D:8:      layout_basic, enter_bailey_3, centaur_isle
D:9:      layout_layer_cave, nemelex_diamond_rough_becter,
          ebering_ghost_reflecting_pool

Skill      XL: |  1  2  3  4  5  6  7  8  9 10 |
---------------+-------------------------------+-----
Fighting       | 4 5 6 7 8 |  8.2
Axes           | 5 7 9 11 14 15 | 15.8
Dodging        | 2 |  2.5
Armour         | 3 4 5 6 8 |  8.4
Throwing       | 1 |  1.0
Stealth        | 1 |  1.3
Maces & Flails | 1 |  1.7

Action                     |  1- 3 |  4- 6 |  7- 9 | 10-12 || total
---------------------------+-------+-------+-------+-------++-------
  Melee: Hand axe          |   106 |    85 |   230 |    90 ||   511
         Kick              |       |    10 |    11 |       ||    21
         Punch             |       |       |     4 |       ||     4
         Dire flail        |       |       |       |    20 ||    20
         Battleaxe         |       |       |       |    10 ||    10
  Throw: Javelin           |       |     2 |       |       ||     2
 Invoke: Berserk           |       |     4 |    13 |     5 ||    22
         Trog's Hand       |       |     3 |    10 |     6 ||    19
    Use: Scroll            |     4 |     7 |     5 |     6 ||    22
         Potion            |       |     2 |       |       ||     2
   Stab: Sleeping          |     1 |       |       |       ||     1
 Armour: Animal skin       |    26 |       |       |       ||    26
         Ring mail         |     4 |     2 |       |       ||     6
         Plate armour      |       |    60 |   138 |   110 ||   308
  Dodge: Dodged            |    63 |    24 |   106 |   180 ||   373

Table legend: (Time is in decaauts)
 A = Elapsed time spent in this place.
 B = Non-inter-level travel time spent in this place.
 C = Inter-level travel time spent in this place.
 D = Time resting spent in this place.
 E = Time spent auto-exploring this place.
 F = Levels seen in this place.
 G = Mean time per level.
                   A        B        C        D        E       F      G
               +--------+--------+--------+--------+--------+-----+--------+
         Total |   8249 |   7769 |    480 |    628 |   4598 |   9 |  916.6 |
       Dungeon |   8249 |   7769 |    480 |    628 |   4598 |   9 |  916.6 |
               +--------+--------+--------+--------+--------+-----+--------+

Top non-repeatable levels by time:
     D:8: 1315 daAuts
     D:2: 1179 daAuts
     D:3: 1145 daAuts
     D:5: 1127 daAuts
     D:1: 980 daAuts
     D:4: 922 daAuts
     D:6: 740 daAuts
     D:7: 700 daAuts
     D:9: 139 daAuts
